 Dungeon Crawl Stone Soup version 0.26-a0-362-g1d9a9cd4fa (webtiles) character file.

Game seed: 15932538903793636514

18815 Gargoyl the Fighter (level 12, -10/97 HPs)
             Began as a Gnoll Abyssal Knight on July 18, 2020.
             Was an Elder of Lugonu.
             Mangled by a 12-headed hydra (12 damage)
             ... on level 4 of the Lair of Beasts.
             The game lasted 00:23:27 (16070 turns).

Gargoyl the Fighter (Gnoll Abyssal Knight)         Turns: 16070, Time: 00:23:28

Health: -10/97     AC: 22    Str: 15    XL:     12   Next: 62%
Magic:  0/23       EV: 14    Int: 14    God:    Lugonu [****..]
Gold:   695        SH:  0    Dex: 18    Spells: 13/25 levels left

rFire    + . .     SeeInvis .   C - +4 war axe (freeze)
rCold    . . .     Faith    .   (no shield)
rNeg     . . .     Spirit   +   y - +4 scale mail "Oxeemo" {rElec rF+}
rPois    +         Reflect  .   (no helmet)
rElec    +         Harm     .   x - +2 cloak
rCorr    .         Clarity  +   b - +2 pair of gloves
MR       +....                  B - +2 pair of boots
Stlth    +++.......             f - amulet of guardian spirit
HPRegen  0.00/turn              n - +4 ring of slaying
MPRegen  0.18/turn              E - ring of protection from magic

@: very slightly contaminated, lightly drained
A: distributed training, fangs 1, talons 1, thin skeletal structure 1, clarity,
dopey 1, poison resistance, screaming 1, inhibited regeneration, weak 1, strong
nose
a: Depart the Abyss, Bend Space, Banish, Corrupt, Renounce Religion


You were on level 4 of the Lair of Beasts.
You worshipped Lugonu.
Lugonu was greatly pleased with you.
You visited 2 branches of the dungeon, and saw 13 of its levels.
You visited the Abyss 1 time.

You collected 795 gold pieces.
You spent 100 gold pieces at shops.

Inventory:

Hand Weapons
 a - a +4 hand axe
 C - a +4 war axe of freezing (weapon)
Missiles
 c - 11 silver boomerangs (quivered)
Armour
 b - a +2 pair of gloves (worn)
 x - a +2 cloak (worn)
 y - the +4 scale mail "Oxeemo" (worn) {rElec rF+}
   (You found it on level 6 of the Dungeon)

   It protects you from fire.
   It insulates you from electricity.
 B - a +2 pair of boots (worn)
Jewellery
 f - an amulet of guardian spirit (around neck)
 n - a +4 ring of slaying (left hand)
 E - a ring of protection from magic (right hand)
Wands
 o - a wand of enslavement (4)
 r - a wand of polymorph (6)
 s - a wand of flame (24)
 u - a wand of disintegration (9)
 v - a wand of random effects (13)
 A - a wand of iceblast (6)
 K - a wand of paralysis (8)
Scrolls
 d - 2 scrolls of magic mapping
 g - 5 scrolls of teleportation
 h - 6 scrolls of remove curse
 l - 4 scrolls of fog
 q - 3 scrolls of identify
 D - a scroll of blinking
 I - a scroll of fear {unknown}
 J - a scroll of torment {unknown}
Potions
 e - a potion of haste
 i - 6 potions of heal wounds
 j - 4 potions of curing
 k - 3 potions of lignification
 m - 2 potions of might
 p - a potion of resistance
 t - 4 potions of cancellation
 w - a potion of magic {unknown}
 z - a potion of degeneration {unknown}
 F - a potion of stabbing {unknown}
 G - 3 potions of flight {unknown}
 H - a potion of invisibility {unknown}


   Skills:
 + Level 9.9(9.3) Fighting
 + Level 7.3(6.8) Short Blades
 + Level 7.3(6.8) Long Blades
 + Level 8.7(8.2) Axes
 + Level 7.3(6.8) Maces & Flails
 + Level 7.3(6.8) Polearms
 + Level 7.3(6.8) Staves
 + Level 7.3(6.8) Slings
 + Level 7.3(6.8) Bows
 + Level 7.3(6.8) Crossbows
 + Level 7.3(6.8) Throwing
 + Level 8.7(8.2) Armour
 + Level 7.8(7.3) Dodging
 + Level 7.3(6.8) Stealth
 + Level 7.3(6.8) Shields
 + Level 7.3(6.8) Unarmed Combat
 + Level 7.3(6.8) Spellcasting
 + Level 6.1(5.5) Conjurations
 + Level 6.1(5.5) Hexes
   Level 0.0 Charms
 + Level 6.1(5.5) Summonings
 + Level 6.1(5.5) Necromancy
 + Level 6.1(5.5) Translocations
 + Level 6.1(5.5) Transmutations
 + Level 6.1(5.5) Fire Magic
 + Level 6.1(5.5) Ice Magic
 + Level 6.1(5.5) Air Magic
 + Level 6.1(5.5) Earth Magic
 + Level 6.1(5.5) Poison Magic
 + Level 9.3(8.7) Invocations
 + Level 7.3(6.8) Evocations


You had 13 spell levels left.
You knew the following spells:

 Your Spells              Type           Power        Failure   Level
a - Confusing Touch       Hex            ###.....     14%         3
b - Gell's Gravitas       Tloc           ###.......   14%         3
c - Swiftness             Air            ###.....     7%          2
d - Animate Dead          Necr           ###.......   43%         4

Your spell library contained the following spells:

 Spells                   Type           Power        Failure   Level
 Animate Skeleton         Necr           ###...       4%          1
 Corona                   Hex            ###....      4%          1
 Magic Dart               Conj           ###.         4%          1
 Pain                     Necr           ###.         4%          1
 Shock                    Conj/Air       ###.         4%          1
 Searing Ray              Conj           ###...       7%          2
 Slow                     Hex            ###.....     7%          2
 Dazzling Flash           Conj/Hex       ###...       14%         3
 Inner Flame              Hex/Fire       ###.....     14%         3
 Portal Projectile        Hex/Tloc       ###...       14%         3
 Static Discharge         Conj/Air       ###.....     14%         3
 Vampiric Draining        Necr           ###.......   14%         3
 Airstrike                Air            ###.......   43%         4
 Cause Fear               Hex            ###.......   43%         4
 Fulminant Prism          Conj/Hex       ###.......   43%         4
 Iskenderun's Mystic Bla  Conj/Tloc      ###.....     43%         4
 Leda's Liquefaction      Hex/Erth       ###.......   43%         4
 Petrify                  Tmut/Erth      ###.....     43%         4
 Agony                    Necr           ###.....     78%         5
 Lightning Bolt           Conj/Air       ###.......   78%         5
 Metabolic Englaciation   Hex/Ice        ###.......   78%         5
 Yara's Violent Unravell  Hex/Tmut       ###.......   78%         5


Dungeon Overview and Level Annotations

Branches:
Dungeon (9/15)             Temple (0/1) D:5            Lair (4/6) D:8
  Snake (0/4) Lair:2          Orc (0/2) D:9
  Swamp: Lair:2-4    Shoals: Lair:2-4

Altars:
Elyvilon
Nemelex Xobeh
Okawaru
Ru
Sif Muna
Xom

Shops:
D:4 *   D:5 =   D:6 :

Annotations:
D:9 corrupted
Lair:4 3 runed translucent doors, Mandevil's ghost, adept VSWn


Innate Abilities, Weirdness & Mutations

Your experience applies equally to all skills.
You have very sharp teeth.
Your uncanny sense of smell can sniff out nearby items.
You have sharp toenails.
You have a somewhat thin skeletal structure. (Dex +2, Stealth)
You possess an exceptional clarity of mind.
You are dopey. (Int -2)
Your system is resistant to poisons. (rPois)
You occasionally shout uncontrollably at your foes.
You do not regenerate when monsters are visible.
You are weak. (Str -2)


Message History

* * * LOW HITPOINT WARNING * * *
The 12-headed hydra barely misses you. x2
The 12-headed hydra bites you but does no damage. x2
Unknown command.
Casting: Animate Dead (dangerous; 34% risk of failure)
Confirm with . or Enter, or press ? or * to list all spells.
You miscast Animate Dead.
You are very lightly contaminated with residual magic.
You shiver with cold!
You feel drained.
* * * LOW HITPOINT WARNING * * *
The komodo dragon bites you but does no damage.
The 12-headed hydra bites you.
* * * LOW HITPOINT WARNING * * *
The 12-headed hydra bites you!
* * * LOW HITPOINT WARNING * * *
The 12-headed hydra bites you but does no damage. x2
The 12-headed hydra completely misses you.
The 12-headed hydra bites you but does no damage.
The 12-headed hydra bites you!
You die...

$..ZZ#.............>.............
#)..Z+...........##P#.#.#........
.!.ZW+..#.....##.## ######..##..#
#[..Z+......####.## ##.#..#####
....Z#.#....#..#..#####.....## #
.#.#.#..#....................# ##
#####.......................###P
#?P#.#....D............###..
######....l@...#####....##(.
#....†....# #....#...
#..........# ##..###..
#.#..S......# #...#.P..
............# #........
...D.....................
.............###.PP..####
.......P..##.# ###P..# #....


You could see a 12-headed hydra, a six-headed hydra, a komodo dragon and a water
moccasin.

Vanquished Creatures
  Harold (D:8)
  A two-headed ogre (D:9)
  A dancing weapon (D:7)
  The ghost of Sickboy the Thaumaturge, a novice DECj of Vehumet (D:8)
  The ghost of voshxx the Martial Artist, a novice OpTm of Cheibriados (D:7)
  Pikel (D:3)
  4 ugly things (D:7)
  6 elephants (Lair:3)
  Joseph (D:7)
  5 cane toads
  A rime drake (Lair:1)
  A merfolk (shapeshifter) (D:7)
  Grinder (D:4)
  4 blink frogs (Lair:2)
  2 hippogriffs
  A wyvern (D:9)
  A golden eye (shapeshifter) (D:8)
  13 yaks
  A neqoxec (D:8)
  5 water moccasins
  Duvessa (D:5)
  5 porcupines
  A hornet zombie (D:9)
  An ice beast (D:7)
  An eye of draining (D:8)
  A sky beast (D:7)
  5 wolves (Lair:2)
  6 ogres
  A wolf (shapeshifter) (D:8)
  A black bear (Lair:2)
  4 centaurs
  3 crocodiles
  A big kobold (D:7)
  13 bullfrogs
  Dowan (D:5)
  4 scorpions
  A water moccasin skeleton (D:7)
  10 wights
  2 electric eels (Lair:2)
  3 jellies
  4 bullfrog zombies
  A hound (D:8)
  4 orc priests
  A centaur skeleton (D:4)
  Crazy Yiuf (D:5)
  A bullfrog skeleton (D:9)
  Jessica (D:2)
  Natasha (thrice) (D:2)
  4 iguanas
  6 orc wizards
  6 worker ants
  Ijyb (D:5)
  A hound skeleton (D:5)
  A howler monkey skeleton (D:6)
  14 gnolls
  8 adders
  A shadow imp (D:5)
  A white imp (D:8)
  An ufetubus (D:8)
  3 adder skeletons
  5 worms
  8 leopard geckos
  25 orcs
  A ball python (D:4)
  6 giant cockroaches
  7 goblins
  14 hobgoblins
  8 jackals
  10 kobolds
  4 quokkas
  11 bats
  4 frilled lizards
  A giant cockroach zombie (D:5)
  A quokka zombie (D:6)
  9 rats
  A fungus (Lair:3)
  A plant (Lair:3)
296 creatures vanquished.

Vanquished Creatures (collateral kills)
  2 orcs (D:3)
2 creatures vanquished.

Vanquished Creatures (others)
  2 jellies
  An adder (D:4)
  A fungus (Lair:1)
  A plant (Lair:3)
5 creatures vanquished.

Grand Total: 303 creatures vanquished

Notes
Turn   | Place    | Note
-------+----------+-------------------------------------------
     0 | Abyss:1  | Gargoyl the Gnoll Abyssal Knight began the quest for the
                  | Orb.
     0 | Abyss:1  | Reached XP level 1. HP: 23/23 MP: 3/3
    58 | Abyss:1  | Noticed a starcursed mass
    64 | Abyss:1  | HP: 1/23 [starcursed mass/accursed screaming (9)]
    65 | D:1      | Escaped the Abyss
   451 | D:1      | Reached * piety under Lugonu
   504 | D:1      | Reached XP level 2. HP: 25/29 MP: 5/5
   894 | D:1      | Reached XP level 3. HP: 35/35 MP: 6/6
   979 | D:2      | Noticed Natasha
  1003 | D:2      | Found a sacrificial altar of Ru.
  1003 | D:2      | Noticed Jessica
  1028 | D:2      | Killed Jessica
  1028 | D:2      | Reached skill level 1 in Short Blades
  1028 | D:2      | Reached skill level 1 in Long Blades
  1028 | D:2      | Reached skill level 1 in Maces & Flails
  1028 | D:2      | Reached skill level 1 in Polearms
  1028 | D:2      | Reached skill level 1 in Staves
  1028 | D:2      | Reached skill level 1 in Slings
  1028 | D:2      | Reached skill level 1 in Bows
  1028 | D:2      | Reached skill level 1 in Crossbows
  1028 | D:2      | Reached skill level 1 in Throwing
  1028 | D:2      | Reached skill level 1 in Stealth
  1028 | D:2      | Reached skill level 1 in Shields
  1028 | D:2      | Reached skill level 1 in Unarmed Combat
  1028 | D:2      | Reached skill level 1 in Spellcasting
  1028 | D:2      | Reached skill level 1 in Evocations
  1028 | D:2      | Reached XP level 4. HP: 41/41 MP: 7/7
  1075 | D:2      | Killed Natasha
  1186 | D:2      | Noticed Natasha
  1200 | D:2      | Killed Natasha
  1200 | D:2      | Reached skill level 1 in Conjurations
  1200 | D:2      | Reached skill level 1 in Hexes
  1200 | D:2      | Reached skill level 1 in Summonings
  1200 | D:2      | Reached skill level 1 in Necromancy
  1200 | D:2      | Reached skill level 1 in Translocations
  1200 | D:2      | Reached skill level 1 in Transmutations
  1200 | D:2      | Reached skill level 1 in Fire Magic
  1200 | D:2      | Reached skill level 1 in Ice Magic
  1200 | D:2      | Reached skill level 1 in Air Magic
  1200 | D:2      | Reached skill level 1 in Earth Magic
  1200 | D:2      | Reached skill level 1 in Poison Magic
  1524 | D:2      | Reached XP level 5. HP: 47/47 MP: 8/8
  1707 | D:2      | Noticed Natasha
  1717 | D:2      | Killed Natasha
  1776 | D:2      | Found a sparkling altar of Nemelex Xobeh.
  1961 | D:3      | Reached ** piety under Lugonu
  2595 | D:4      | Noticed an ogre
  2737 | D:3      | Reached XP level 6. HP: 51/53 MP: 9/9
  2791 | D:3      | Reached skill level 5 in Invocations
  2828 | D:4      | Reached skill level 5 in Axes
  2828 | D:4      | Reached skill level 5 in Armour
  3375 | D:4      | Found Foigh's General Store.
  3389 | D:4      | Reached *** piety under Lugonu
  3415 | D:4      | Noticed Pikel
  3468 | D:3      | Killed Pikel
  3468 | D:3      | Reached XP level 7. HP: 37/60 MP: 8/11
  3468 | D:3      | Reached XP level 8. HP: 41/67 MP: 8/12
  3620 | D:4      | Bought 2 potions of heal wounds for 100 gold pieces
  3650 | D:4      | Noticed Grinder
  3669 | D:4      | Paralysed by Grinder for 6 turns
  3682 | D:4      | Killed Grinder
  4332 | D:5      | Entered Level 5 of the Dungeon
  4347 | D:5      | Found Jerghonwa's Jewellery Boutique.
  4378 | D:5      | Found a staircase to the Ecumenical Temple.
  4483 | D:5      | Noticed Dowan
  4491 | D:5      | Noticed Duvessa
  4509 | D:5      | Killed Duvessa
  4512 | D:5      | Killed Dowan
  4800 | D:5      | Reached XP level 9. HP: 68/72 MP: 12/14
  4886 | D:4      | Learned a level 3 spell: Confusing Touch
  4890 | D:4      | Learned a level 3 spell: Gell's Gravitas
  5058 | D:5      | Noticed Ijyb
  5070 | D:5      | Killed Ijyb
  5097 | D:5      | Found a runed translucent door.
  5098 | D:5      | Noticed Crazy Yiuf
  5336 | D:5      | Killed Crazy Yiuf
  5437 | D:6      | Reached **** piety under Lugonu
  5848 | D:6      | Got a polished scale mail
  6129 | D:6      | Found Otrez's Book Shoppe.
  6387 | D:7      | Identified the +4 scale mail "Oxeemo" {rElec rF+} (You
                  | found it on level 6 of the Dungeon)
  6447 | D:7      | Reached skill level 5 in Dodging
  6664 | D:7      | Found a runed translucent door.
  6664 | D:7      | Found a shimmering altar of Xom.
  6664 | D:7      | Noticed a +1 whip of chaos
  6664 | D:7      | Noticed voshxx's ghost (novice OpTm)
  6675 | D:7      | Killed a +1 whip of chaos
  6678 | D:7      | Killed voshxx's ghost
  6678 | D:7      | Reached XP level 10. HP: 80/80 MP: 13/17
  6869 | D:7      | Reached skill level 5 in Short Blades
  6869 | D:7      | Reached skill level 5 in Long Blades
  6869 | D:7      | Reached skill level 5 in Maces & Flails
  6869 | D:7      | Reached skill level 5 in Polearms
  6869 | D:7      | Reached skill level 5 in Staves
  6869 | D:7      | Reached skill level 5 in Slings
  6869 | D:7      | Reached skill level 5 in Bows
  6869 | D:7      | Reached skill level 5 in Crossbows
  6869 | D:7      | Reached skill level 5 in Throwing
  6869 | D:7      | Reached skill level 5 in Stealth
  6869 | D:7      | Reached skill level 5 in Shields
  6869 | D:7      | Reached skill level 5 in Unarmed Combat
  6869 | D:7      | Reached skill level 5 in Spellcasting
  6869 | D:7      | Reached skill level 5 in Evocations
  7001 | D:7      | Noticed Joseph
  7012 | D:7      | Killed Joseph
  7198 | D:7      | Learned a level 2 spell: Swiftness
  7613 | D:8      | Reached ***** piety under Lugonu
  7837 | D:8      | Found a shimmering blue altar of Sif Muna.
  7885 | D:8      | Noticed Harold
  8126 | D:8      | Killed Harold
  8311 | D:8      | Found a staircase to the Lair.
  8452 | D:8      | Found a runed translucent gate.
  8453 | D:8      | Found a runed translucent gate.
  8453 | D:8      | Found a runed translucent gate.
  8455 | D:8      | Noticed a brown ugly thing
  8455 | D:8      | Noticed a brown ugly thing
  8455 | D:8      | Noticed a purple ugly thing
  8455 | D:8      | Noticed a brown ugly thing
  8663 | D:7      | Killed a red ugly thing
  8663 | D:7      | Reached XP level 11. HP: 23/87 MP: 5/19
  8950 | D:7      | Killed a purple ugly thing
  8958 | D:7      | Killed a red ugly thing
  9286 | D:7      | Killed a white ugly thing
  9409 | D:8      | Found a runed translucent gate.
  9409 | D:8      | Found a runed translucent gate.
  9411 | D:8      | Found a runed translucent gate.
  9412 | D:8      | Noticed Sickboy's ghost (novice DECj)
  9435 | D:8      | Paralysed by a hornet for 2 turns
  9675 | D:7      | Reached skill level 5 in Conjurations
  9675 | D:7      | Reached skill level 5 in Hexes
  9675 | D:7      | Reached skill level 5 in Summonings
  9675 | D:7      | Reached skill level 5 in Necromancy
  9675 | D:7      | Reached skill level 5 in Translocations
  9675 | D:7      | Reached skill level 5 in Transmutations
  9675 | D:7      | Reached skill level 5 in Fire Magic
  9675 | D:7      | Reached skill level 5 in Ice Magic
  9675 | D:7      | Reached skill level 5 in Air Magic
  9675 | D:7      | Reached skill level 5 in Earth Magic
  9675 | D:7      | Reached skill level 5 in Poison Magic
  9761 | D:8      | Killed Sickboy's ghost
  9804 | D:8      | Gained mutation: You have sharp fingernails. [a neqoxec]
  9814 | D:8      | Gained mutation: You are weak. (Str -2) [a neqoxec]
  9846 | D:8      | Lost mutation: You have sharp fingernails. [potion of
                  | mutation]
  9846 | D:8      | Lost mutation: You are weak. (Str -2) [potion of mutation]
  9846 | D:8      | Gained mutation: You are dopey. (Int -2) [potion of
                  | mutation]
  9846 | D:8      | Gained mutation: You are robust. (+10% HP) [potion of
                  | mutation]
  9846 | D:8      | Gained mutation: Your magical capacity is low. (-10% MP)
                  | [potion of mutation]
  9846 | D:8      | Gained mutation: You evolve. [potion of mutation]
  9847 | D:8      | Lost mutation: You are dopey. (Int -2) [potion of mutation]
  9847 | D:8      | Lost mutation: Your magical capacity is low. (-10% MP)
                  | [potion of mutation]
  9847 | D:8      | Gained mutation: Your spells are a little harder to cast,
                  | but a little more powerful. [potion of mutation]
  9847 | D:8      | Gained mutation: Your mind is acute. (Int +2) [potion of
                  | mutation]
  9848 | D:8      | Lost mutation: You are robust. (+10% HP) [potion of
                  | mutation]
  9848 | D:8      | Lost mutation: Your mind is acute. (Int +2) [potion of
                  | mutation]
  9848 | D:8      | Gained mutation: You have a somewhat thin skeletal
                  | structure. (Dex +2, Stealth) [potion of mutation]
  9848 | D:8      | Gained mutation: You possess an exceptional clarity of
                  | mind. [potion of mutation]
  9848 | D:8      | Gained mutation: Your body sometimes deteriorates upon
                  | taking damage. [potion of mutation]
  9848 | D:8      | Gained mutation: You have a pair of small horns on your
                  | head. [potion of mutation]
  9848 | D:8      | Gained mutation: You are weak. (Str -2) [mutagenic glow]
  9849 | D:8      | Lost mutation: You have a somewhat thin skeletal structure.
                  | (Dex +2, Stealth) [potion of mutation]
  9849 | D:8      | Lost mutation: Your body sometimes deteriorates upon taking
                  | damage. [potion of mutation]
  9849 | D:8      | Lost mutation: You have a pair of small horns on your head.
                  | [potion of mutation]
  9849 | D:8      | Gained mutation: You do not regenerate when monsters are
                  | visible. [potion of mutation]
  9849 | D:8      | Gained mutation: Your system is resistant to poisons.
                  | (rPois) [potion of mutation]
  9850 | D:8      | Lost mutation: You possess an exceptional clarity of mind.
                  | [potion of mutation]
  9850 | D:8      | Lost mutation: Your system is resistant to poisons. (rPois)
                  | [potion of mutation]
  9850 | D:8      | Lost mutation: Your spells are a little harder to cast, but
                  | a little more powerful. [potion of mutation]
  9850 | D:8      | Gained mutation: You occasionally shout uncontrollably at
                  | your foes. [potion of mutation]
  9850 | D:8      | Gained mutation: Your system is resistant to poisons.
                  | (rPois) [potion of mutation]
  9850 | D:8      | Gained mutation: You possess an exceptional clarity of
                  | mind. [potion of mutation]
  9850 | D:8      | Gained mutation: You have sharp toenails. [potion of
                  | mutation]
  9876 | D:8      | Gained mutation: You are dopey. (Int -2) [mutagenic glow]
  9879 | D:9      | Noticed a two-headed ogre
  9901 | D:9      | HP: 3/89 [two-headed ogre/cursed -2 giant club (7)]
  9908 | D:9      | Killed a two-headed ogre
 10304 | D:9      | Found a white marble altar of Elyvilon.
 10364 | D:9      | Learned a level 4 spell: Animate Dead
 10477 | D:9      | Corrupted D:9
 10477 | D:9      | Noticed a blizzard demon
 10477 | D:9      | Noticed a sixfirhy
 10477 | D:9      | Noticed a wizard
 10477 | D:9      | Noticed a large abomination
 10477 | D:9      | Noticed a thrashing horror
 10478 | D:9      | Noticed a starcursed mass
 10482 | D:9      | Noticed a worldbinder
 10521 | D:9      | Found an iron altar of Okawaru.
 10546 | D:9      | Found a staircase to the Orcish Mines.
 11159 | Lair:1   | Entered Level 1 of the Lair of Beasts
 11369 | Lair:1   | Gained mutation: You have a somewhat thin skeletal
                  | structure. (Dex +2, Stealth) [evolution]
 11369 | Lair:1   | Lost mutation: You evolve. [end of evolution]
 12461 | Lair:2   | Found a staircase to the Snake Pit.
 12582 | Lair:2   | Reached XP level 12. HP: 56/96 MP: 14/22
 16037 | Lair:4   | Found a runed translucent gate.
 16038 | Lair:4   | Found a runed translucent gate.
 16039 | Lair:4   | Found a runed translucent gate.
 16040 | Lair:4   | Noticed Mandevil's ghost (adept VSWn)
 16059 | Lair:4   | Noticed a six-headed hydra
 16066 | Lair:4   | Noticed a six-headed hydra
 16070 | Lair:4   | HP: 2/97 [12-headed hydra (6)]
 16070 | Lair:4   | Mangled by a 12-headed hydra

Illustrated notes

Levels and vault maps discovered:
D:1:      ebering_hopf_link, layout_rooms, grunt_decor_one_mirror, minmay_cupped
D:2:      layout_rooms, old_standard_altar, nemelex_lonely_heart_becter,
          uniq_natasha, uniq_jessica
D:3:      layout_basic
D:4:      kb_forest_paths, layout_rooms, serial_shops,
          nicolae_shop_behind_doors, uniq_pikel, uniq_grinder
D:5:      layout_loops_cross, minmay_temple_entry_junction_2, serial_shops,
          shop, minivault_27, uniq_duvessa, uniq_ijyb, uniq_crazy_yiuf_cottage
D:6:      layout_gridville, serial_shops, nicolae_shop_trees
D:7:      layout_basic, ebering_ghost_xom, minmay_misc_feat_pillars,
          kennysheep_generic_room_6, uniq_joseph
D:8:      layout_rooms, lair_entry_dummy,
          ploomutoo_gammafunk_ghost_potion_laboratory, led_sif_pool, uniq_harold
D:9:      layout_loops_corners, orc_0_dummy, basic_altar, kennysheep_doodads,
          elyvilon_altar_3
Lair:1:   layout_long_grid, grunt_megastairs_1
Lair:2:   layout_cellular_growth, dummy_snake_entry, serial_bayou_shore_a
Lair:3:   layout_layer_cave, serial_bayou_pond_e
Lair:4:   layout_small_grid, minmay_shoals_entry_beasts,
          gammafunk_ghost_necromancy

Skill      XL: |  1  2  3  4  5  6  7  8  9 10 11 12 |
---------------+-------------------------------------+-----
Short Blades   | 1 2 3 4 5 6 7 |  7.3
Long Blades    | 1 2 3 4 5 6 7 |  7.3
Maces & Flails | 1 2 3 4 5 6 7 |  7.3
Polearms       | 1 2 3 4 5 6 7 |  7.3
Staves         | 1 2 3 4 5 6 7 |  7.3
Slings         | 1 2 3 4 5 6 7 |  7.3
Bows           | 1 2 3 4 5 6 7 |  7.3
Crossbows      | 1 2 3 4 5 6 7 |  7.3
Throwing       | 1 2 3 4 5 6 7 |  7.3
Stealth        | 1 2 3 4 5 6 7 |  7.3
Shields        | 1 2 3 4 5 6 7 |  7.3
Unarmed Combat | 1 2 3 4 5 6 7 |  7.3
Spellcasting   | 1 2 3 4 5 6 7 |  7.3
Evocations     | 1 2 3 4 5 6 7 |  7.3
Conjurations   | 1 2 3 4 5 6 |  6.1
Hexes          | 1 2 3 4 5 6 |  6.1
Summonings     | 1 2 3 4 5 6 |  6.1
Necromancy     | 1 2 3 4 5 6 |  6.1
Translocations | 1 2 3 4 5 6 |  6.1
Transmutations | 1 2 3 4 5 6 |  6.1
Fire Magic     | 1 2 3 4 5 6 |  6.1
Ice Magic      | 1 2 3 4 5 6 |  6.1
Air Magic      | 1 2 3 4 5 6 |  6.1
Earth Magic    | 1 2 3 4 5 6 |  6.1
Poison Magic   | 1 2 3 4 5 6 |  6.1
Dodging        | 3 4 5 6 7 |  7.8
Invocations    | 5 6 7 8 9 |  9.3
Axes           | 5 6 7 8 |  8.7
Armour         | 5 6 7 8 |  8.7
Fighting       | 7 8 9 |  9.9

Action                   |  1- 3 |  4- 6 |  7- 9 | 10-12 || total
-------------------------+-------+-------+-------+-------++-------
Melee: Hand axe          |    78 |   179 |   225 |    13 ||   495
       Bite              |     5 |    20 |    30 |    76 ||   131
       Punch             |       |     2 |     6 |    20 ||    28
       Unarmed           |       |       |     2 |       ||     2
       War axe           |       |       |       |   470 ||   470
Throw: Boomerang         |       |     3 |     3 |       ||     6
 Cast: Confusing Touch   |       |       |     3 |     8 ||    11
       Gell's Gravitas   |       |       |       |     5 ||     5
       Animate Dead      |       |       |       |     6 ||     6
       Swiftness         |       |       |       |     1 ||     1
Invok: Depart the Abyss  |     1 |       |       |       ||     1
       Bend Space        |       |       |       |     3 ||     3
       Corrupt           |       |       |       |     1 ||     1
Evoke: Wand              |       |     4 |     3 |       ||     7
  Use: Scroll            |     5 |     5 |     4 |    13 ||    27
       Potion            |       |     2 |       |     7 ||     9
 Stab: Sleeping          |       |       |     4 |    11 ||    15
       Invisible         |       |       |     2 |       ||     2
       Confused          |       |       |     1 |     5 ||     6
Armor: Leather armour    |    19 |       |       |       ||    19
       Scale mail        |    39 |   103 |   120 |   382 ||   644
Dodge: Dodged            |    81 |   112 |   129 |   423 ||   745

Table legend:
 A = Non-vault XP
 B = Vault XP
 C = Vault XP percentage of total XP
 D = Non-vault monster count
 E = Vault monster count
 F = Vault count percentage of total count
                 A         B        C        D         E       F
            +---------+---------+-------+---------+---------+-------
      Total |   18340 |    8539 |  31.8 |     267 |      30 |  10.1
            +---------+---------+-------+---------+---------+-------
        D:1 |      34 |       4 |  10.5 |      22 |       3 |  12.0
        D:2 |     111 |      74 |  40.0 |      21 |       2 |   8.7
        D:3 |     315 |     663 |  67.8 |      36 |       1 |   2.7
        D:4 |     311 |     334 |  51.8 |      16 |       6 |  27.3
        D:5 |     395 |     297 |  42.9 |      14 |       4 |  22.2
        D:6 |     606 |       0 |   0.0 |      19 |       0 |   0.0
        D:7 |    2046 |    4513 |  68.8 |      40 |       8 |  16.7
        D:8 |     831 |    2257 |  73.1 |      26 |       5 |  16.1
        D:9 |    1964 |       0 |   0.0 |      17 |       0 |   0.0
     Lair:1 |    1397 |     397 |  22.1 |       9 |       1 |  10.0
     Lair:2 |    3831 |       0 |   0.0 |      25 |       0 |   0.0
     Lair:3 |    5563 |       0 |   0.0 |      19 |       0 |   0.0
     Lair:4 |     936 |       0 |   0.0 |       3 |       0 |   0.0
            +---------+---------+-------+---------+---------+-------
